 Dungeon Crawl Stone Soup version 0.30.0-18-gf1372a6a44 (webtiles) character file.

Game seed: 1083962615464486341

43263 qw the Severer (level 14, -17/92 HPs)
             Began as a Gargoyle Fighter on May 23, 2023.
             Was an Elder of Okawaru.
             Killed from afar by an oklob plant (28 damage)
             ... with a splash of acid
             ... on level 5 of the Lair of Beasts.
             The game lasted 00:08:42 (16463 turns).

qw the Severer (Gargoyle Fighter)                  Turns: 16463, Time: 00:08:43

Health: -17/92     AC: 26    Str: 26    XL:     14   Next: 23%
Magic:  20/21      EV: 14    Int:  8    God:    Okawaru [****..]
Gold:   1519       SH:  6    Dex:  9    Spells: 13/13 levels left

rFire   . . .        Y - +3 war axe (elec)
rCold   . . .        c - +0 buckler
rNeg    + . .        i - +0 plate armour of Molez {Will++}
rPois   inf          u - +2 helmet
rElec   +            (no cloak)
rCorr   .            (no gloves)
SInv    .            (no boots)
Will    +++..        s - amulet of the acrobat Stlth
                     r - +5 ring of evasion
HPRegen 0.35/turn    k - +4 ring of protection
MPRegen 0.17/turn

%: acrobat
@: heroic, corroded, flying
A: sickness immunity, AC +10, big wings, negative energy resistance 1,
electricity resistance, torment resistance 1, petrification resistance
a: Renounce Religion, Heroism, Finesse


You were on level 5 of the Lair of Beasts.
You worshipped Okawaru.
Okawaru was greatly pleased with you.
You visited 3 branches of the dungeon, and saw 16 of its levels.

You collected 1519 gold pieces.


Innate Abilities, Weirdness & Mutations

You are immune to sickness and miasma.
Your stone body is resilient. (AC +10)
You are immune to poison.
Your large and strong wings let you fly.
You resist negative energy. (rN+)
You are resistant to electric shocks. (rElec)
You are resistant to unholy torment.
You are immune to petrification.


   Skills:
 - Level 12.0(17.0) Fighting
 + Level 15.0(20.0) Axes
 - Level 4.9(9.9) Throwing
 - Level 10.0(15.0) Armour
 - Level 2.0(7.0) Dodging
 - Level 7.3(12.3) Shields
 - Level 10.0 Invocations


You had 13 spell levels left.
You didn't know any spells.
Your spell library was empty.

Inventory:

Hand Weapons
 m - a +3 morningstar of freezing
 Y - a +3 war axe of electrocution (weapon)
Missiles
 g - 15 boomerangs (quivered)
Armour
 c - a +0 buckler (worn)
 i - the +0 plate armour of Molez (worn) {Will++}
   (You found it on level 5 of the Dungeon)

   Will:      It greatly increases your willpower.
 j - the +6 scale mail of Purpose {+Inv Str+2 Dex+3}
   (You found it on level 5 of the Lair of Beasts)

   Str:       It affects your strength (+2).
   Dex:       It affects your dexterity (+3).
   +Inv:      It lets you turn invisible.
 u - a +2 helmet (worn)
 w - a +3 chain mail of fire resistance
Jewellery
 a - a ring of fire
 k - a +4 ring of protection (right hand)
 q - a ring of protection from fire
 r - a +5 ring of evasion (left hand)
 s - an amulet of the acrobat (around neck)
 t - a ring of protection from cold
 x - a ring of protection from cold
Scrolls
 l - a scroll of enchant armour
 n - 7 scrolls of identify
 v - 2 scrolls of teleportation
Potions
 b - 2 potions of mutation
 d - 4 potions of might
 f - 6 potions of lignification
 h - 7 potions of curing
 o - 3 potions of attraction
 p - a potion of haste
 B - a potion of magic

Dungeon Overview and Level Annotations

Branches:
Dungeon (10/15)            Temple (1/1) D:5            Lair (5/5) D:10
 Shoals (0/4) Lair:3       Spider (0/4) Lair:3        Slime (0/5) Lair:5
    Orc (0/2) D:10

Altars:
Ashenzari
Cheibriados
Dithmenos
Elyvilon
Fedhas
Gozag
Hepliaklqana
Kikubaaqudgha
Makhleb
Nemelex Xobeh
Okawaru
Qazlal
Ru
Sif Muna
Trog
Uskayaw
Vehumet
Wu Jian
Xom
Yredelemnul
Zin
The Shining One
Jiyva

Shops:
D:9 ::(

Annotations:
D:4 2 transporters
D:7 1 runed translucent door, Crazy Yiuf
Lair:1 1 runed translucent door, qw's ghost, journeyman GrCA


Message History

Enter note:
Enter note:
16452 ||| INVOKING Heroism.
You gain the combat prowess of a mighty hero.
A blink frog comes into view.
The blink frog moves out of view.
Found a scroll of noise.
The blink frog croaks.
The blink frog blinks!
The oklob plant spits acid at you. The splash of acid hits you!!
The blink frog blinks!
You hit the oklob plant but do no damage.
You hit the oklob plant.
The oklob plant is lightly damaged.
You hit the blink frog.
The blink frog hits you but does no damage.
The oklob plant spits acid at you. The splash of acid misses you.
The oklob plant spits acid at you. The splash of acid hits you!
The acid corrodes you!
You completely miss the oklob plant.
The oklob plant is lightly damaged.
You hit the blink frog but do no damage.
Lightning courses through the blink frog!
The blink frog completely misses you. The oklob plant spits acid at you.
The splash of acid hits you!! The acid corrodes you!
You hit the blink frog.
Lightning courses through the blink frog!!
You kill the blink frog!
Okawaru accepts your kill.
You hit the oklob plant but do no damage.
You hit the oklob plant.
The oklob plant is lightly damaged.
The oklob plant spits acid at you. The splash of acid hits you!
The oklob plant spits acid at you. The splash of acid hits you!!
You die...

.%%...### #.#.....#.~.#~~...
........# #....[#.#.###...
.......## ##....#..#.. ...
P.......#### ##............
7. #.......##P#
##....#.........
#..........###.P..###...77...
........(.P.#.....#.##...~
##.............%....###..~~
.........$......@....# 7..~
##.P(..........P.....# ...
###...........P>...?7
###..........P.......
#...................
#.##................ ##
#................
#...............7
##...........


You could see 3 oklob plants.

Vanquished Creatures
  4 hydras
  A catoblepas (Lair:3)
  Erica (D:10)
  A centaur warrior (D:10)
  A death yak (Lair:4)
  A skeletal warrior (D:10)
  A goliath frog (Lair:5)
  Pikel (D:7)
  An ugly thing (D:10)
  A manticore (D:10)
  2 black mambas (Lair:2)
  3 elephants (Lair:2)
  An ice statue (Lair:4)
  Joseph (D:7)
  4 torpor snails (Lair:3)
  14 cane toads
  10 komodo dragons
  A rime drake (Lair:4)
  A yaktaur (shapeshifter) (D:10)
  An efreet (D:10)
  3 ice devils (Lair:4)
  A queen bee (Lair:1)
  3 polar bears
  3 tyrant leeches (Lair:5)
  A hornet (D:9)
  12 blink frogs
  A jumping spider (Lair:3)
  A wraith (D:9)
  Sigmund (D:4)
  9 wyverns
  A shadow (D:10)
  A dire elephant simulacrum (Lair:4)
  Eustachio (D:5)
  4 basilisks
  46 yaks
  5 vampire mosquitoes (Lair:5)
  3 steam dragons
  3 redbacks (Lair:3)
  A death yak simulacrum (Lair:4)
  10 water moccasins
  4 orc warriors
  3 black bears
  4 ice beasts
  A boggart (D:10)
  4 ogres
  24 wolves
  5 centaurs
  4 lemures (D:7)
  2 phantoms
  A kobold brigand (D:9)
  Blork the orc (D:5)
  A gnoll sergeant (D:8)
  20 bullfrogs
  3 scorpions
  7 wights
  35 killer bees
  7 electric eels
  8 howler monkeys
  4 hounds
  A jelly (D:4)
  3 orc priests
  3 gnoll boudas
  Ijyb (D:4)
  3 iguanas
  10 orc wizards
  A spriggan simulacrum (Lair:4)
  2 wolf simulacra (Lair:4)
  Robin (D:2)
  9 adders
  12 gnolls
  A naga simulacrum (Lair:4)
  A shadow imp (D:5)
  5 white imps
  An ufetubus (D:4)
  3 worms
  3 dart slugs
  23 orcs
  4 ball pythons
  5 bats
  11 endoplasms
  A giant cockroach (D:4)
  15 goblins
  10 hobgoblins
  13 kobolds
  2 quokkas
  2 frilled lizards
  4 rats
449 creatures vanquished.

Notes
Turn   | Place    | Note
-------+----------+-------------------------------------------
     0 | D:1      | qw the Gargoyle Fighter began the quest for the Orb.
     0 | D:1      | Reached XP level 1. HP: 14/14 MP: 1/1
     0 | D:1      | 0 ||| qw: Version: 0.2-a-98-g5d7165a
     0 | D:1      | 0 ||| qw: Game counter: 13
     0 | D:1      | 0 ||| qw: Always use a shield: true
     0 | D:1      | 0 ||| qw: God list: Okawaru
     0 | D:1      | 0 ||| qw: Allow faded altars: false
     0 | D:1      | 0 ||| qw: Do Orc after D:15 true
     0 | D:1      | 0 ||| qw: Do second Lair branch before Depths: true
     0 | D:1      | 0 ||| qw: Lair rune preference: random
     0 | D:1      | 0 ||| qw: Plans: Normal, Zot:1-4, God:TSO, Crypt, Tomb,
                  | Pan, Slime:5, Hells, Abyss, Win
     0 | D:1      | 0 ||| PLANNING D:1-11
    17 | D:1      | Reached skill level 2 in Axes
   104 | D:1      | Reached XP level 2. HP: 19/19 MP: 2/2
   118 | D:1      | 118 ||| DROPPING +0 club.
   195 | D:1      | Reached skill level 3 in Axes
   240 | D:1      | Reached XP level 3. HP: 23/23 MP: 3/3
   420 | D:1      | Found a faded altar of an unknown god.
   567 | D:1      | 567 ||| READING scroll labelled NIHAFY OP VINU.
   568 | D:1      | 568 ||| READING scroll labelled KATYTE ANAZOL.
   569 | D:1      | 569 ||| READING 2 scrolls labelled HIUKLE DOPH.
   570 | D:1      | 570 ||| READING scroll labelled PIKIM JIEPO.
   571 | D:1      | 571 ||| READING scroll labelled JINTAE KAOCRICW.
   575 | D:1      | 575 ||| DROPPING scroll of noise.
   768 | D:2      | Noticed Robin
   780 | D:2      | Killed Robin
   781 | D:2      | Reached XP level 4. HP: 14/28 MP: 4/4
   850 | D:2      | 850 ||| Stepping ~*~*~tactically~*~*~ (stealth).
   855 | D:2      | Reached skill level 4 in Axes
  1001 | D:2      | 1001 ||| Stepping ~*~*~tactically~*~*~ (stealth).
  1019 | D:2      | 1019 ||| Stepping ~*~*~tactically~*~*~ (hiding).
  1092 | D:2      | 1092 ||| Stepping ~*~*~tactically~*~*~ (stealth).
  1094 | D:2      | 1094 ||| Stepping ~*~*~tactically~*~*~ (stealth).
  1099 | D:2      | 1099 ||| Stepping ~*~*~tactically~*~*~ (stealth).
  1102 | D:2      | 1102 ||| Stepping ~*~*~tactically~*~*~ (stealth).
  1103 | D:2      | 1103 ||| Stepping ~*~*~tactically~*~*~ (stealth).
  1114 | D:2      | 1114 ||| Stepping ~*~*~tactically~*~*~ (stealth).
  1260 | D:2      | 1260 ||| UPGRADING to +0 helmet.
  1265 | D:2      | 1265 ||| DROPPING ring of magical power.
  1266 | D:2      | 1266 ||| READING scroll labelled EFOTHIA LELEIF.
  1267 | D:2      | 1267 ||| DRINKING 4 lumpy blue potions.
  1359 | D:3      | Reached XP level 5. HP: 31/32 MP: 5/5
  1367 | D:3      | 1367 ||| DRINKING 3 potions of curing.
  1367 | D:3      | 1367 ||| (to cure confusion)
  1378 | D:3      | Reached skill level 5 in Axes
  1379 | D:3      | HP: 6/32 [orc/+0 trident (7)]
  1380 | D:3      | 1380 ||| READING scroll of teleportation.
  1492 | D:3      | 1492 ||| Stepping ~*~*~tactically~*~*~ (hiding).
  1496 | D:3      | 1496 ||| Stepping ~*~*~tactically~*~*~ (hiding).
  1497 | D:3      | 1497 ||| Stepping ~*~*~tactically~*~*~ (hiding).
  2268 | D:3      | 2268 ||| UPGRADING to +0 chain mail.
  2278 | D:3      | 2278 ||| DROPPING +0 scale mail.
  2279 | D:3      | 2279 ||| UPGRADING to ring of protection from cold.
  2280 | D:3      | 2280 ||| READING scroll labelled DOD LINAGO.
  2281 | D:3      | 2281 ||| READING scroll labelled GAFUMEWOIXT.
  2382 | D:3      | 2382 ||| READING 2 scrolls of identify.
  2382 | D:3      | 2382 ||| IDENTIFYING bubbling black potion
  2627 | D:4      | Noticed a phantom
  2636 | D:4      | Killed a phantom
  2637 | D:4      | Reached XP level 6. HP: 35/38 MP: 6/6
  2753 | D:4      | 2753 ||| DRINKING 2 potions of curing.
  2753 | D:4      | 2753 ||| (to cure confusion)
  2753 | D:4      | Noticed Ijyb
  2764 | D:4      | 2764 ||| DRINKING potion of curing.
  2764 | D:4      | 2764 ||| (to cure confusion)
  2785 | D:4      | Reached skill level 6 in Axes
  2787 | D:4      | HP: 8/38 [Ijyb/+0 dagger (2)]
  2788 | D:4      | 2788 ||| READING scroll of teleportation.
  3001 | D:4      | Identified the +4 ring mail of the Dice {-Tele Rampage
                  | rElec Str+7}
  3001 | D:4      | Identified the +0 buckler of Instinct {Will+ Regen+ Str+3}
  3008 | D:4      | 3008 ||| Stepping ~*~*~tactically~*~*~ (hiding).
  3017 | D:4      | Killed Ijyb
  3018 | D:4      | Reached skill level 1 in Dodging
  3018 | D:4      | Reached XP level 7. HP: 43/43 MP: 7/7
  3144 | D:4      | Noticed Sigmund
  3145 | D:4      | 3145 ||| Stepping ~*~*~tactically~*~*~ (hiding).
  3160 | D:4      | Killed Sigmund
  3235 | D:4      | Reached skill level 7 in Axes
  3247 | D:4      | 3247 ||| Stepping ~*~*~tactically~*~*~ (stealth).
  3756 | D:4      | 3756 ||| Stepping ~*~*~tactically~*~*~ (hiding).
  3954 | D:4      | Found a transporter.
  3957 | D:4      | Found a transporter.
  4196 | D:4      | 4196 ||| READING scroll labelled QEMPAICL EKYMM.
  4197 | D:4      | 4197 ||| READING scroll labelled MOOM SIVANUVIA.
  4198 | D:4      | 4198 ||| READING scroll labelled ITZIEQUDEU.
  4199 | D:4      | 4199 ||| READING scroll labelled DEDIROFIDI.
  4200 | D:4      | 4200 ||| DRINKING 3 cyan potions.
  4201 | D:4      | 4201 ||| DRINKING 2 glowing blue potions.
  4218 | D:5      | Entered Level 5 of the Dungeon
  4221 | D:5      | Noticed Eustachio
  4226 | D:5      | Reached XP level 8. HP: 45/49 MP: 8/8
  4257 | D:5      | Killed Eustachio
  4261 | D:5      | Reached skill level 8 in Axes
  4334 | D:5      | Found a hide-covered altar of Uskayaw.
  4412 | D:5      | Found an ornate altar of the Wu Jian Council.
  4533 | D:5      | Found a staircase to the Ecumenical Temple.
  4534 | D:5      | 4534 ||| PLANNING TEMPLE
  4544 | Temple   | Entered the Ecumenical Temple
  4633 | Temple   | 4633 ||| PLANNING D:1-11
  4801 | D:5      | Reached skill level 6 in Fighting
  4830 | D:5      | Noticed Blork the orc
  4831 | D:5      | 4831 ||| Stepping ~*~*~tactically~*~*~ (hiding).
  4842 | D:5      | Killed Blork the orc
  4919 | D:5      | 4919 ||| DRINKING 2 yellow potions.
  4920 | D:5      | 4920 ||| READING 2 scrolls of identify.
  4920 | D:5      | 4920 ||| IDENTIFYING fuming inky potion
  4921 | D:5      | 4921 ||| DROPPING potion of degeneration.
  4940 | D:6      | 4940 ||| Stepping ~*~*~tactically~*~*~ (hiding).
  5011 | D:6      | 5011 ||| STAIRDANCE
  5035 | D:6      | Reached skill level 9 in Axes
  5108 | D:6      | Reached XP level 9. HP: 56/56 MP: 9/9
  5118 | D:6      | 5118 ||| READING scroll of enchant armour.
  5118 | D:6      | 5118 ||| ENCHANTING +0 helmet.
  5133 | D:6      | HP: 4/56 [ogre/+0 giant spiked club (14)]
  5134 | D:6      | 5134 ||| DRINKING 2 potions of heal wounds.
  5307 | D:6      | 5307 ||| READING scroll of enchant weapon.
  5307 | D:6      | 5307 ||| ENCHANTING +1 war axe.
  5359 | D:6      | 5359 ||| UPGRADING to ring of protection from fire.
  5374 | D:5      | Found a hazy altar of Hepliaklqana.
  5374 | D:5      | Found a stormy altar of Qazlal.
  5374 | D:5      | Found a white marble altar of Elyvilon.
  5374 | D:5      | Found an iron altar of Okawaru.
  5375 | D:5      | 5375 ||| PLANNING OKAWARU WORSHIP
  5383 | D:5      | Became a worshipper of Warmaster Okawaru
  5383 | D:5      | 5383 ||| PLANNING D:1-11
  5388 | D:5      | Identified the +0 plate armour of Molez {Will++}
  5390 | D:5      | 5390 ||| UPGRADING to +0 plate armour of Molez {Will++}.
  5400 | D:5      | 5400 ||| DROPPING +0 chain mail.
  5447 | D:6      | 5447 ||| Stepping ~*~*~tactically~*~*~ (hiding).
  5448 | D:6      | 5448 ||| Stepping ~*~*~tactically~*~*~ (hiding).
  5886 | D:6      | 5886 ||| Stepping ~*~*~tactically~*~*~ (hiding).
  5946 | D:6      | Reached * piety under Okawaru
  5948 | D:6      | 5948 ||| DROPPING +0 flail.
  6013 | D:6      | 6013 ||| DRINKING 3 sedimented coppery potions.
  6014 | D:6      | 6014 ||| DRINKING 2 potions of curing.
  6014 | D:6      | 6014 ||| (to cure confusion)
  6015 | D:6      | 6015 ||| READING 3 scrolls of identify.
  6015 | D:6      | 6015 ||| IDENTIFYING pink potion
  6016 | D:6      | 6016 ||| DROPPING 2 potions of ambrosia.
  6034 | D:7      | Noticed Joseph
  6040 | D:7      | 6040 ||| INVOKING Heroism.
  6045 | D:7      | HP: 13/57 [Joseph/+3 quarterstaff of speed (13)]
  6046 | D:7      | 6046 ||| DRINKING potion of heal wounds.
  6048 | D:7      | Killed Joseph
  6049 | D:7      | Reached skill level 6 in Armour
  6052 | D:7      | 6052 ||| INVOKING Heroism.
  6057 | D:7      | Reached skill level 1 in Invocations
  6064 | D:7      | 6064 ||| INVOKING Heroism.
  6065 | D:7      | HP: 14/57 [something (3)]
  6201 | D:7      | 6201 ||| Stepping ~*~*~tactically~*~*~ (stealth).
  6202 | D:7      | 6202 ||| Stepping ~*~*~tactically~*~*~ (stealth).
  6229 | D:7      | 6229 ||| INVOKING Heroism.
  6234 | D:7      | 6234 ||| Stepping ~*~*~tactically~*~*~ (hiding).
  6235 | D:7      | 6235 ||| Stepping ~*~*~tactically~*~*~ (hiding).
  6248 | D:7      | 6248 ||| INVOKING Heroism.
  6276 | D:7      | 6276 ||| INVOKING Heroism.
  6288 | D:7      | Reached XP level 10. HP: 25/63 MP: 10/12
  6381 | D:7      | Noticed Pikel
  6382 | D:7      | 6382 ||| Stepping ~*~*~tactically~*~*~ (stealth).
  6387 | D:7      | 6387 ||| Stepping ~*~*~tactically~*~*~ (stealth).
  6431 | D:7      | 6431 ||| Stepping ~*~*~tactically~*~*~ (hiding).
  6432 | D:7      | 6432 ||| Stepping ~*~*~tactically~*~*~ (hiding).
  6433 | D:7      | 6433 ||| Stepping ~*~*~tactically~*~*~ (hiding).
  6448 | D:7      | 6448 ||| Stepping ~*~*~tactically~*~*~ (stealth).
  6456 | D:7      | Reached skill level 10 in Axes
  6477 | D:7      | 6477 ||| DROPPING +0 morningstar.
  6535 | D:7      | Found a flagged portal.
  6565 | D:7      | Found a runed translucent door.
  6566 | D:7      | Noticed Crazy Yiuf
  6604 | D:7      | 6604 ||| Stepping ~*~*~tactically~*~*~ (stealth).
  6620 | D:7      | Killed Pikel
  6759 | D:7      | 6759 ||| Stepping ~*~*~tactically~*~*~ (stealth).
  6761 | D:7      | 6761 ||| Stepping ~*~*~tactically~*~*~ (hiding).
  6769 | D:7      | 6769 ||| Stepping ~*~*~tactically~*~*~ (stealth).
  6770 | D:7      | 6770 ||| Stepping ~*~*~tactically~*~*~ (stealth).
  6772 | D:7      | 6772 ||| Stepping ~*~*~tactically~*~*~ (stealth).
  6779 | D:7      | 6779 ||| Stepping ~*~*~tactically~*~*~ (stealth).
  6781 | D:7      | 6781 ||| Stepping ~*~*~tactically~*~*~ (hiding).
  6782 | D:7      | 6782 ||| Stepping ~*~*~tactically~*~*~ (hiding).
  6783 | D:7      | 6783 ||| Stepping ~*~*~tactically~*~*~ (hiding).
  6943 | D:7      | Reached skill level 3 in Invocations
  7128 | D:7      | 7128 ||| UPGRADING to +5 ring of evasion.
  7130 | D:7      | 7130 ||| READING 3 scrolls of identify.
  7130 | D:7      | 7130 ||| IDENTIFYING fuming sapphire potion
  7131 | D:7      | 7131 ||| DROPPING potion of flight.
  7171 | D:8      | 7171 ||| INVOKING Heroism.
  7189 | D:8      | Reached ** piety under Okawaru
  7203 | D:8      | Identified the +2 long sword of Hepliaklqana, Witching
                  | {holy, rF+ rN+ Int+3 Dex+2}
  7206 | D:8      | 7206 ||| INVOKING Heroism.
  7571 | D:8      | 7571 ||| Stepping ~*~*~tactically~*~*~ (hiding).
  7572 | D:8      | 7572 ||| Stepping ~*~*~tactically~*~*~ (hiding).
  7655 | D:8      | 7655 ||| Stepping ~*~*~tactically~*~*~ (stealth).
  7668 | D:8      | 7668 ||| INVOKING Heroism.
  7673 | D:8      | Reached skill level 11 in Axes
  7777 | D:8      | 7777 ||| DROPPING ring of flight.
  7778 | D:8      | 7778 ||| READING scroll labelled AKEEVA ISOGOQA.
  7785 | D:9      | 7785 ||| Stepping ~*~*~tactically~*~*~ (hiding).
  7794 | D:9      | 7794 ||| INVOKING Heroism.
  7934 | D:9      | 7934 ||| Stepping ~*~*~tactically~*~*~ (stealth).
  7950 | D:9      | Reached *** piety under Okawaru
  7951 | D:9      | Reached XP level 11. HP: 63/69 MP: 14/14
  7977 | D:9      | 7977 ||| INVOKING Heroism.
  7979 | D:9      | Found Ojanan's Book Shop.
  7980 | D:9      | Found Deaxzypt's Antique Weapon Emporium.
  7992 | D:9      | Found Qygoa's Book Emporium.
  7996 | D:9      | 7996 ||| SHOPLISTING +7 sceptre of Torment {pain, torment}
                  | (4320 gold, have 577).
  8009 | D:9      | Reached skill level 9 in Fighting
  8014 | D:9      | 8014 ||| UPGRADING to +4 ring of protection.
  8040 | D:9      | 8040 ||| INVOKING Heroism.
  8170 | D:9      | 8170 ||| Stepping ~*~*~tactically~*~*~ (stealth).
  8172 | D:9      | 8172 ||| Stepping ~*~*~tactically~*~*~ (stealth).
  8174 | D:9      | 8174 ||| Stepping ~*~*~tactically~*~*~ (stealth).
  8175 | D:9      | 8175 ||| Stepping ~*~*~tactically~*~*~ (stealth).
  8176 | D:9      | 8176 ||| Stepping ~*~*~tactically~*~*~ (stealth).
  8177 | D:9      | 8177 ||| INVOKING Heroism.
  8226 | D:9      | 8226 ||| INVOKING Heroism.
  8389 | D:9      | 8389 ||| Stepping ~*~*~tactically~*~*~ (stealth).
  8426 | D:9      | 8426 ||| INVOKING Heroism.
  8649 | D:9      | 8649 ||| Stepping ~*~*~tactically~*~*~ (hiding).
  8650 | D:9      | 8650 ||| Stepping ~*~*~tactically~*~*~ (hiding).
  8653 | D:9      | 8653 ||| INVOKING Heroism.
  8686 | D:9      | 8686 ||| INVOKING Heroism.
  8707 | D:9      | Identified the +3 trident of Defiance {protect, Dex+3}
  8820 | D:9      | 8820 ||| UPGRADING to +2 helmet.
  8830 | D:9      | 8830 ||| DROPPING +1 helmet.
  8831 | D:9      | 8831 ||| READING scroll labelled JEHOPL POEN.
  8832 | D:9      | 8832 ||| READING scroll labelled WOSTIVV SAILL.
  8841 | D:10     | Entered Level 10 of the Dungeon
  8874 | D:10     | Reached skill level 12 in Axes
  8975 | D:10     | 8975 ||| Stepping ~*~*~tactically~*~*~ (stealth).
  8976 | D:10     | 8976 ||| Stepping ~*~*~tactically~*~*~ (stealth).
  8977 | D:10     | 8977 ||| Stepping ~*~*~tactically~*~*~ (stealth).
  8986 | D:10     | Noticed a centaur warrior
  8999 | D:10     | Killed a centaur warrior
  9000 | D:10     | Reached skill level 6 in Shields
  9054 | D:10     | Found a staircase to the Orcish Mines.
  9102 | D:10     | Found a staircase to the Lair.
  9171 | D:10     | 9171 ||| Stepping ~*~*~tactically~*~*~ (hiding).
  9172 | D:10     | 9172 ||| Stepping ~*~*~tactically~*~*~ (hiding).
  9176 | D:10     | 9176 ||| INVOKING Heroism.
  9178 | D:10     | Noticed Erica
  9180 | D:10     | 9180 ||| Stepping ~*~*~tactically~*~*~ (hiding).
  9189 | D:10     | Killed Erica
  9430 | D:10     | 9430 ||| Stepping ~*~*~tactically~*~*~ (stealth).
  9436 | D:10     | 9436 ||| Stepping ~*~*~tactically~*~*~ (stealth).
  9453 | D:10     | 9453 ||| INVOKING Heroism.
  9583 | D:10     | 9583 ||| INVOKING Heroism.
  9670 | D:10     | Noticed a purple ugly thing
  9670 | D:10     | Noticed a six-headed hydra
  9671 | D:10     | 9671 ||| INVOKING Heroism.
  9676 | D:10     | 9676 ||| SWAPPING to +3 morningstar of freezing.
  9681 | D:10     | Killed a six-headed hydra
  9681 | D:10     | Reached **** piety under Okawaru
  9682 | D:10     | 9682 ||| SWAPPING to +2 war axe of electrocution.
  9688 | D:10     | Killed a purple ugly thing
  9841 | D:10     | Noticed a manticore
  9841 | D:10     | Noticed a skeletal warrior
  9842 | D:10     | 9842 ||| INVOKING Heroism.
  9849 | D:10     | Killed a manticore
  9850 | D:10     | Reached XP level 12. HP: 42/77 MP: 12/15
 10253 | D:10     | 10253 ||| PLANNING LAIR
 10253 | D:10     | 10253 ||| DROPPING +2 chain mail of fire resistance.
 10254 | D:10     | 10254 ||| READING scroll labelled HUANOCROLOJ.
 10304 | D:10     | 10304 ||| READING 5 scrolls of identify.
 10304 | D:10     | 10304 ||| IDENTIFYING black potion
 10339 | Lair:1   | Entered Level 1 of the Lair of Beasts
 10340 | Lair:1   | 10340 ||| INVOKING Heroism.
 10361 | Lair:1   | 10361 ||| STAIRDANCE
 10448 | Lair:1   | 10448 ||| INVOKING Heroism.
 10465 | Lair:1   | 10465 ||| Stepping ~*~*~tactically~*~*~ (stealth).
 10566 | Lair:1   | 10566 ||| Stepping ~*~*~tactically~*~*~ (stealth).
 10577 | Lair:1   | 10577 ||| INVOKING Heroism.
 10604 | Lair:1   | 10604 ||| INVOKING Heroism.
 10614 | Lair:1   | Reached skill level 13 in Axes
 10631 | Lair:1   | Reached skill level 3 in Throwing
 10633 | Lair:1   | Reached skill level 6 in Invocations
 10930 | Lair:1   | 10930 ||| INVOKING Heroism.
 11220 | Lair:1   | Found a runed translucent door.
 11220 | Lair:1   | Found a shimmering altar of Xom.
 11220 | Lair:1   | Noticed qw's ghost (journeyman GrCA)
 11555 | Lair:1   | 11555 ||| DROPPING +6 ring of dexterity.
 11700 | Lair:2   | Received a gift from Okawaru
 11701 | Lair:2   | Reached skill level 9 in Armour
 11947 | Lair:2   | 11947 ||| INVOKING Heroism.
 12025 | Lair:2   | 12025 ||| Stepping ~*~*~tactically~*~*~ (stealth).
 12125 | Lair:2   | 12125 ||| Stepping ~*~*~tactically~*~*~ (stealth).
 12142 | Lair:2   | 12142 ||| INVOKING Heroism.
 12382 | Lair:2   | Reached ***** piety under Okawaru
 12674 | Lair:2   | 12674 ||| INVOKING Heroism.
 12833 | Lair:2   | 12833 ||| UPGRADING to amulet of the acrobat.
 12872 | Lair:3   | 12872 ||| STAIRDANCE
 12939 | Lair:3   | Found a hole to the Spider Nest.
 12965 | Lair:3   | Reached XP level 13. HP: 82/82 MP: 19/19
 12986 | Lair:3   | 12986 ||| INVOKING Heroism.
 13006 | Lair:3   | Found a snail-covered altar of Cheibriados.
 13012 | Lair:3   | Reached skill level 9 in Invocations
 13042 | Lair:3   | 13042 ||| Stepping ~*~*~tactically~*~*~ (stealth).
 13043 | Lair:3   | 13043 ||| Stepping ~*~*~tactically~*~*~ (stealth).
 13044 | Lair:3   | 13044 ||| INVOKING Heroism.
 13051 | Lair:3   | Received a gift from Okawaru
 13080 | Lair:3   | 13080 ||| INVOKING Heroism.
 13082 | Lair:3   | 13082 ||| INVOKING Finesse.
 13088 | Lair:3   | 13088 ||| SWAPPING to +3 morningstar of freezing.
 13095 | Lair:3   | Reached skill level 14 in Axes
 13095 | Lair:3   | 13095 ||| SWAPPING to +2 war axe of electrocution.
 13113 | Lair:3   | 13113 ||| INVOKING Heroism.
 13175 | Lair:3   | Found a staircase to the Shoals.
 13295 | Lair:3   | 13295 ||| INVOKING Heroism.
 13298 | Lair:3   | Received a gift from Okawaru
 13674 | Lair:3   | 13674 ||| INVOKING Heroism.
 13824 | Lair:3   | 13824 ||| INVOKING Heroism.
 14055 | Lair:3   | 14055 ||| DROPPING +4 ring of slaying {mikee}.
 14056 | Lair:3   | 14056 ||| READING 7 scrolls of identify.
 14056 | Lair:3   | 14056 ||| IDENTIFYING murky emerald potion
 14175 | Lair:4   | 14175 ||| READING scroll of enchant weapon.
 14175 | Lair:4   | 14175 ||| ENCHANTING +2 war axe of electrocution.
 14188 | Lair:4   | 14188 ||| INVOKING Heroism.
 14253 | Lair:4   | 14253 ||| Stepping ~*~*~tactically~*~*~ (stealth).
 14258 | Lair:4   | 14258 ||| Stepping ~*~*~tactically~*~*~ (stealth).
 14263 | Lair:4   | 14263 ||| Stepping ~*~*~tactically~*~*~ (stealth).
 14267 | Lair:4   | 14267 ||| Stepping ~*~*~tactically~*~*~ (stealth).
 14331 | Lair:4   | 14331 ||| Stepping ~*~*~tactically~*~*~ (cloud).
 14333 | Lair:4   | 14333 ||| INVOKING Heroism.
 14337 | Lair:4   | 14337 ||| Stepping ~*~*~tactically~*~*~ (cloud).
 14345 | Lair:4   | 14345 ||| Stepping ~*~*~tactically~*~*~ (cloud).
 14354 | Lair:4   | HP: 16/84 [ice statue] (21)]
 14355 | Lair:4   | 14355 ||| READING 3 scrolls of teleportation.
 14356 | Lair:4   | 14356 ||| DRINKING potion of heal wounds.
 14357 | Lair:4   | 14357 ||| Stepping ~*~*~tactically~*~*~ (cloud).
 14671 | Lair:4   | 14671 ||| INVOKING Heroism.
 14711 | Lair:4   | 14711 ||| INVOKING Heroism.
 14923 | Lair:4   | 14923 ||| INVOKING Heroism.
 15096 | Lair:4   | 15096 ||| INVOKING Heroism.
 15101 | Lair:4   | 15101 ||| SWAPPING to +3 morningstar of freezing.
 15107 | Lair:4   | 15107 ||| SWAPPING to +3 war axe of electrocution.
 15380 | Lair:4   | 15380 ||| DROPPING ring of ice.
 15423 | Lair:5   | Entered Level 5 of the Lair of Beasts
 15425 | Lair:5   | 15425 ||| INVOKING Heroism.
 15441 | Lair:5   | 15441 ||| Stepping ~*~*~tactically~*~*~ (stealth).
 15461 | Lair:5   | 15461 ||| INVOKING Heroism.
 15536 | Lair:5   | 15536 ||| Stepping ~*~*~tactically~*~*~ (stealth).
 15560 | Lair:5   | Reached skill level 15 in Axes
 15573 | Lair:5   | 15573 ||| Stepping ~*~*~tactically~*~*~ (stealth).
 15590 | Lair:5   | 15590 ||| Stepping ~*~*~tactically~*~*~ (stealth).
 15592 | Lair:5   | 15592 ||| INVOKING Heroism.
 15653 | Lair:5   | 15653 ||| INVOKING Heroism.
 15735 | Lair:5   | 15735 ||| Stepping ~*~*~tactically~*~*~ (stealth).
 15749 | Lair:5   | Gained mutation: Your large and strong wings let you fly.
                  | [Gargoyle growth]
 15749 | Lair:5   | Reached XP level 14. HP: 89/90 MP: 21/21
 15765 | Lair:5   | Found a dark tunnel.
 15768 | Lair:5   | 15768 ||| Stepping ~*~*~tactically~*~*~ (stealth).
 15792 | Lair:5   | 15792 ||| INVOKING Heroism.
 15793 | Lair:5   | 15793 ||| INVOKING Finesse.
 15798 | Lair:5   | 15798 ||| SWAPPING to +3 morningstar of freezing.
 15806 | Lair:5   | Received a gift from Okawaru
 15807 | Lair:5   | 15807 ||| Stepping ~*~*~tactically~*~*~ (stealth).
 15808 | Lair:5   | 15808 ||| Stepping ~*~*~tactically~*~*~ (stealth).
 15809 | Lair:5   | 15809 ||| Stepping ~*~*~tactically~*~*~ (stealth).
 15810 | Lair:5   | 15810 ||| Stepping ~*~*~tactically~*~*~ (stealth).
 15811 | Lair:5   | 15811 ||| SWAPPING to +3 war axe of electrocution.
 15877 | Lair:5   | 15877 ||| INVOKING Heroism.
 15878 | Lair:5   | Found a staircase to the Slime Pits.
 15878 | Lair:5   | Found a viscous altar of Jiyva.
 15890 | Lair:5   | 15890 ||| READING 3 scrolls of teleportation.
 15897 | Lair:5   | 15897 ||| DRINKING potion of cancellation.
 15932 | Lair:5   | 15932 ||| INVOKING Heroism.
 15969 | Lair:5   | 15969 ||| INVOKING Heroism.
 16292 | Lair:5   | 16292 ||| INVOKING Heroism.
 16300 | Lair:5   | Reached skill level 12 in Fighting
 16413 | Lair:5   | Identified the +6 scale mail of Purpose {+Inv Str+2 Dex+3}
 16427 | Lair:5   | Identified the +8 lajatang "Gyhihan" {drain, Contam rElec
                  | rCorr Str+4}
 16452 | Lair:5   | 16452 ||| INVOKING Heroism.
 16463 | Lair:5   | HP: 11/92 [oklob plant/splash of acid (14)]
 16463 | Lair:5   | Killed from afar by an oklob plant

Levels and vault maps discovered:
D:1:      dpeg_arrival_tiny_k, layout_basic,
          hellmonk_ecumenical_altar_leap_of_faith
D:2:      layout_basic, uniq_robin
D:3:      layout_basic
D:4:      layout_layer_cave, gammafunk_ghost_gnarly_gnolls, uniq_sigmund,
          uniq_ijyb
D:5:      layout_rooms, mainiacjoe_overflow_chevrons,
          nicolae_overflow_hidden_temple, minmay_temple_entry_statues,
          uniq_blork_the_orc, uniq_eustachio
D:6:      minmay_general_purpose_star, layout_basic
D:7:      layout_cave_pools, enter_bailey_5, uniq_pikel,
          uniq_crazy_yiuf_cottage, uniq_joseph
D:8:      layout_rooms, hangedman_minor_gate_pass
D:9:      nicolae_moon_pools, layout_small_grid, nicolae_wooded_promenade,
          st_stairs_9, kennysheep_potato, uniq_prince_ribbit1
D:10:     minmay_tri_box, layout_irregular_city, lair_entry_dummy, orc_0_dummy,
          uniq_erica
Temple:   nicolae_temple_superstar
Lair:1:   layout_roguey, ebering_ghost_xom, special_room [special_room_bee]
Lair:2:   layout_cave_shapes, grunt_megastairs_5
Lair:3:   layout_cave_pods, elwin_shoals_entry_rocks, spider_nest_entry_a,
          kennysheep_snail_temple, infiniplex_staircase_pool
Lair:4:   dreamdust_isle_of_ice, layout_misc_corridors, beast_lair_carwin_6
Lair:5:   minmay_lair_end_frog_pond, layout_hall_layers,
          minmay_slime_entry_oklob_open, nicolae_volcano_entry_hallway,
          portal_ice_cave_demonic_guard, grunt_forest_large_clearings

Skill      XL: |  1  2  3  4  5  6  7  8  9 10 11 12 13 14 |
---------------+-------------------------------------------+-----
Axes           | 2 3 4 5 6 7 9 11 12 13 15 | 15.0
Fighting       | 4 5 6 7 8 10 11 12 | 12.0
Dodging        | 1 2 |  2.0
Armour         | 6 7 8 9 10 | 10.0
Shields        | 4 5 6 7 |  7.3
Invocations    | 2 4 8 10 | 10.0
Throwing       | 2 3 4 |  4.9

Action                     |  1- 3 |  4- 6 |  7- 9 | 10-12 | 13-15 || total
---------------------------+-------+-------+-------+-------+-------++-------
  Melee: War axe           |    70 |   197 |   300 |   613 |   316 ||  1496
         Morningstar       |       |       |       |     5 |    19 ||    24
  Throw: Boomerang         |       |       |       |    84 |   147 ||   231
         Javelin           |       |       |       |       |    16 ||    16
 Invoke: Heroism           |       |       |     6 |    24 |    23 ||    53
         Finesse           |       |       |       |       |     2 ||     2
    Use: Scroll            |     5 |     6 |     8 |     6 |     4 ||    29
         Potion            |       |     4 |     7 |       |     2 ||    13
 Armour: Scale mail        |    32 |    90 |       |       |       ||   122
         Chain mail        |       |    62 |   100 |       |       ||   162
         Plate armour      |       |       |    78 |   339 |   122 ||   539
  Dodge: Dodged            |    20 |    95 |   105 |   403 |   128 ||   751
  Block: Buckler           |     7 |    32 |    80 |   167 |    66 ||   352

Table legend:
 A = Non-vault XP
 B = Vault XP
 C = Vault XP percentage of total XP
 D = Non-vault monster count
 E = Vault monster count
 F = Vault count percentage of total count
                 A         B        C        D         E       F
            +---------+---------+-------+---------+---------+-------
      Total |   32702 |   29103 |  47.1 |     296 |     149 |  33.5
            +---------+---------+-------+---------+---------+-------
        D:1 |      44 |       0 |   0.0 |      17 |       0 |   0.0
        D:2 |      59 |      38 |  39.2 |      17 |      13 |  43.3
        D:3 |     122 |       0 |   0.0 |      24 |       0 |   0.0
        D:4 |     641 |     245 |  27.7 |      28 |       2 |   6.7
        D:5 |     467 |     298 |  39.0 |      11 |       2 |  15.4
        D:6 |    1173 |     356 |  23.3 |      14 |       5 |  26.3
        D:7 |    1274 |    1051 |  45.2 |      26 |       5 |  16.1
        D:8 |    2432 |     578 |  19.2 |      24 |       8 |  25.0
        D:9 |    1456 |     899 |  38.2 |      25 |       5 |  16.7
       D:10 |    3160 |    5139 |  61.9 |      21 |       9 |  30.0
     Lair:1 |    2402 |    1801 |  42.9 |      12 |      25 |  67.6
     Lair:2 |    6891 |     458 |   6.2 |      27 |       4 |  12.9
     Lair:3 |    7948 |    2463 |  23.7 |      33 |       8 |  19.5
     Lair:4 |    1608 |    5785 |  78.2 |       5 |      23 |  82.1
     Lair:5 |    3025 |    9992 |  76.8 |      12 |      40 |  76.9
            +---------+---------+-------+---------+---------+-------
